 Dungeon Crawl Stone Soup version 0.24.0-123-gd5b16e6ec5 (webtiles) character file.

Game seed: 11784880490297261142, levelgen mode: deterministic

217 Delamore the Chopper (level 5, -6/45 HPs)
             Began as a Hill Orc Fighter on Dec 28, 2019.
             Killed by divine providence
             ... invoked by an orc priest
              (12 damage)
             ... on level 4 of the Dungeon.
             The game lasted 00:02:12 (2318 turns).

Delamore the Chopper (Hill Orc Fighter)             Turns: 2318, Time: 00:02:12

Health: -6/45      AC:  8    Str: 18 (20) XL:     5   Next: 94%
Magic:  5/5        EV:  7    Int:  6 (8)  God:
Gold:   177        SH:  0    Dex:  7 (10) Spells: 4/4 levels left

rFire    . . .     SeeInvis .   a - +0 war axe
rCold    . . .     Gourm    .   c - +0 shield
rNeg     . . .     Faith    .   b - +0 scale mail
rPois    .         Spirit   .   (no helmet)
rElec    .         Reflect  .   (no cloak)
rCorr    .         Harm     .   n - +0 pair of gloves
MR       .....                  (no boots)
Stlth    ..........             (no amulet)
HPRegen  0.15/turn              j - ring of flight
MPRegen  0.09/turn              (no ring)

@: confused
A: no striking features
a: Convert to Beogh, Evoke Flight


You were on level 4 of the Dungeon.
You were not hungry.

You visited 1 branch of the dungeon, and saw 4 of its levels.

You collected 177 gold pieces.

Inventory:

Hand Weapons
 a - a +0 war axe (weapon)
Armour
 b - a +0 scale mail (worn)
 c - a +0 shield (worn)
 n - a +0 pair of gloves (worn)
Jewellery
 j - a ring of flight (left hand)
 k - an uncursed amulet of regeneration {unknown}
 o - an uncursed ring of resist corrosion
Wands
 u - a wand of flame (24)
Scrolls
 g - a scroll of noise {unknown}
 h - a scroll of fear {unknown}
 i - 2 scrolls of enchant weapon {unknown}
 m - 3 scrolls of enchant armour {unknown}
 p - 2 scrolls of amnesia {unknown}
 q - 3 scrolls of remove curse {unknown}
 r - 2 scrolls of identify {unknown}
 w - 2 scrolls of teleportation {unknown}
 x - a scroll of blinking {unknown}
Potions
 d - a potion of might
 e - a potion of curing {unknown}
 l - 2 potions of lignification {unknown}
 s - a potion of flight {unknown}
 t - a potion of degeneration
 v - a potion of ambrosia {unknown}
Comestibles
 f - 5 rations
 z - a chunk of flesh


   Skills:
 - Level 3.6 Fighting
 + Level 7.9 Axes
 - Level 3.2 Armour
 - Level 3.2 Shields


You had 4 spell levels left.
You didn't know any spells.
Your spell library contained the following spells:

 Spells                   Type           Power        Failure   Level  Hunger
 Confusing Touch          Hex            #.....       100%        1    ##.....
 Confuse                  Hex            #.......     100%        3    ####...
 Gell's Gravitas          Tloc           #.........   100%        3    ####...
 Petrify                  Tmut/Erth      #.......     100%        4    #####..
 Metabolic Englaciation   Hex/Ice        #.........   100%        5    ######.
 Yara's Violent Unravell  Hex/Tmut       #.........   100%        5    ######.


Dungeon Overview and Level Annotations

Branches:
Dungeon (4/15)
 Temple: D:4-7

Altars:
Cheibriados
Ru
Yredelemnul
The Shining One

Annotations:
D:4 1 runed translucent door, FishyPogo's ghost, amateur DsGl; Menkaure


Message History

The orc priest invokes the aid of Beogh against you.
Beogh smites you!
* * * LOW HITPOINT WARNING * * *
You closely miss the orc priest.
The orc priest is almost dead.
You barely miss something. You completely miss something.
Menkaure, Prince of Dust comes into view.
You hear some strange, mumbled words.
A puff of flame appears from out of thin air!
The puff of flame hits you.
* * * LOW HITPOINT WARNING * * *
It was a potion of degeneration.
There was something very wrong with that liquid.
You feel weakened.
You feel dopey.
You feel clumsy.
Menkaure shouts!
Something hits you.
* * * LOW HITPOINT WARNING * * *
The orc priest mumbles some strange prayers to Beogh against you.
Beogh smites you!
You die...

.........#
#........#
#....8...# ..
#..8...8## .. . ...
#........#....
....##........#....
##
.M.....oow)..#.#..
#. #S?@{......... +.
##.......#.#..... #.
#........#.....###.
#........#.....#.#.
#..8...8###.....##.
#....8...#.....#.#.
#........#....[.##.
#........#.........
#.......#.#......รท.


You could see Menkaure, a worm, an orc priest, an adder and an orc.

Vanquished Creatures
  A crimson imp (D:3)
  An orc priest (D:4)
  Jessica (D:2)
  Robin (D:2)
  2 adders
  An ooze (D:2)
  4 worms
  A dart slug (D:1)
  2 leopard geckos (D:3)
  5 orcs (D:3)
  6 bats
  A giant cockroach (D:1)
  18 goblins
  11 hobgoblins
  6 kobolds
  A quokka (D:4)
  A ball python (D:3)
  2 frilled lizards
  12 rats
77 creatures vanquished.

Notes
Turn   | Place    | Note
-------+----------+-------------------------------------------
     0 | D:1      | Delamore the Hill Orc Fighter began the quest for the Orb.
     0 | D:1      | Reached XP level 1. HP: 19/19 MP: 1/1
    40 | D:1      | Reached skill level 3 in Axes
    98 | D:1      | Reached XP level 2. HP: 22/26 MP: 2/2
   113 | D:1      | Reached skill level 4 in Axes
   322 | D:1      | Reached XP level 3. HP: 29/31 MP: 3/3
   647 | D:2      | Noticed Robin
   662 | D:2      | Reached skill level 5 in Axes
   693 | D:2      | Killed Robin
   693 | D:2      | Reached XP level 4. HP: 18/39 MP: 4/4
   970 | D:2      | Reached skill level 6 in Axes
  1108 | D:2      | Found a basalt altar of Yredelemnul.
  1111 | D:2      | Found a glowing golden altar of the Shining One.
  1114 | D:2      | Found a snail-covered altar of Cheibriados.
  1220 | D:2      | Noticed Jessica
  1232 | D:2      | Killed Jessica
  1267 | D:2      | Reached XP level 5. HP: 28/45 MP: 5/5
  1654 | D:3      | Reached skill level 7 in Axes
  1871 | D:3      | Found a sacrificial altar of Ru.
  2215 | D:4      | Found a runed translucent door.
  2215 | D:4      | Noticed FishyPogo's ghost (amateur DsGl)
  2317 | D:4      | Noticed Menkaure
  2318 | D:4      | Killed from afar by an orc priest

Levels and vault maps discovered:
D:1:      giann_horns, layout_basic
D:2:      layout_loops_ring, nicolae_overflow_hidden_temple, uniq_jessica,
          uniq_robin
D:3:      layout_loops_ring, nicolae_ru_path_of_blood
D:4:      wad_pebble_path, layout_rooms, hellmonk_ghost_happy_afterlife,
          uniq_menkaure

Skill      XL: |  1  2  3  4  5 |
---------------+----------------+-----
Axes           | 3 4 5 6 7 |  7.9
Fighting       | |  3.6
Armour         | |  3.2
Shields        | |  3.2

Action                   |  1- 3 |  4- 6 || total
-------------------------+-------+-------++-------
Melee: War axe           |   112 |   160 ||   272
  Use: Potion            |       |     1 ||     1
  Eat: Chunk             |       |     5 ||     5
Armor: Scale mail        |    46 |    66 ||   112
Dodge: Dodged            |    28 |    40 ||    68
Block: Shield            |    54 |    78 ||   132
